 Dungeon Crawl Stone Soup version 0.30-a0-702-gdf48620a09 (webtiles) character file.

Game seed: 13094501552994394907

2915 Citaku the Protected (level 9, -6/79 HPs)
             Began as a Minotaur Fighter on Jan 21, 2023.
             Was an Initiate of Gozag.
             Mangled by a boulder beetle (17 damage)
             ... on level 8 of the Dungeon.
             The game lasted 00:08:16 (6025 turns).

Citaku the Protected (Minotaur Fighter)             Turns: 6025, Time: 00:08:16

Health: -6/79      AC:  8    Str: 31    XL:     9   Next: 50%
Magic:  8/8        EV: 10    Int:  5    God:    Gozag
Gold:   598        SH:  5    Dex: 10    Spells: 8/8 levels left

rFire   . . .      SeeInvis .    a - +0 war axe
rCold   . . .      Faith    .    c - +0 buckler
rNeg    . . .      Spirit   .    b - +0 scale mail
rPois   +          Reflect  .    (helmet restricted)
rElec   .          Harm     .    (no cloak)
rCorr   .          Rampage  .    (no gloves)
Will    .....                    (no boots) Stlth
                                 (no amulet)
HPRegen 0.33/turn                o - ring of poison resistance
MPRegen 0.11/turn                v - +6 ring of strength

@: mighty
A: horns 2, retaliatory headbutt
a: Renounce Religion, Potion Petition, Call Merchant, Bribe Branch


You were on level 8 of the Dungeon.
You worshipped Gozag.
Gozag was pleased with you.
You visited 2 branches of the dungeon, and saw 11 of its levels.

You collected 674 gold pieces.
You paid 76 gold pieces to Gozag.

Inventory:

Hand Weapons
 a - a +0 war axe (weapon)
Armour
 b - a +0 scale mail (worn)
 c - a +0 buckler (worn)
Jewellery
 o - a ring of poison resistance (left hand)
 v - a +6 ring of strength (right hand)
 I - a ring of resist corrosion
Wands
 y - a wand of quicksilver (18)
Scrolls
 e - a scroll of silence {unknown}
 f - 5 scrolls of identify {unknown}
 h - a scroll of enchant armour {unknown}
 k - 2 scrolls of teleportation {unknown}
 m - a scroll of amnesia {unknown}
 s - 2 scrolls of blinking {unknown}
 t - a scroll of fog {unknown}
 u - a scroll of enchant weapon {unknown}
 x - 2 scrolls of magic mapping {unknown}
 A - 2 scrolls of immolation {unknown}
 B - a scroll of noise {unknown}
 E - 2 scrolls of fear {unknown}
 F - a scroll of butterflies {unknown}
 G - 2 scrolls of poison {unknown}
 H - a scroll of brand weapon {unknown}
Potions
 g - a potion of attraction {unknown}
 i - 2 potions of heal wounds {unknown}
 j - 4 potions of curing {unknown}
 l - a potion of flight {unknown}
 n - a potion of brilliance {unknown}
 p - 3 potions of invisibility {unknown}
 q - 3 potions of haste {unknown}
 r - 2 potions of berserk rage {unknown}
 w - 2 potions of resistance {unknown}
 z - a potion of lignification {unknown}
 C - a potion of mutation {unknown}
 D - a potion of degeneration {unknown}


   Skills:
 + Level 7.2 Fighting
 * Level 9.4 Axes
 * Level 9.9 Armour
 + Level 7.5 Shields


You had 8 spell levels left.
You didn't know any spells.
Your spell library contained the following spells:

 Spells                   Type           Power      Damage    Failure   Level
 Slow                     Hex            0%         N/A       77%         1
 Cigotuvi's Dreadful Rot  Necr/Pois/Air  0%         N/A       88%         2
 Confusing Touch          Hex            0%         N/A       98%         3
 Vampiric Draining        Necr           0%         2d6       98%         3
 Dispel Undead            Necr           0%         3d6       100%        4
 Freezing Cloud           Conj/Ice/Air   0%         6-21      100%        5
 Death Channel            Necr           0%         N/A       100%        6
 Polar Vortex             Ice            0%         N/A       100%        9
 Simulacrum               Ice/Necr       Unusable   N/A       N/A         6

Dungeon Overview and Level Annotations

Branches:
Dungeon (10/15)            Temple (1/1) D:4
   Lair: D:8-11         Orc: D:9-12

Altars:
Ashenzari
Cheibriados
Dithmenos
Elyvilon
Fedhas
Gozag
Hepliaklqana
Kikubaaqudgha
Nemelex Xobeh
Okawaru
Qazlal
Ru
Sif Muna
Trog
Vehumet
Wu Jian
Xom
Yredelemnul
Zin
The Shining One

Annotations:
D:10 Erolcha


Innate Abilities, Weirdness & Mutations

You have a pair of horns on your head.
You reflexively headbutt those who attack you in melee.


Message History

The boulder beetle is no longer distracted by gold.
You block the gnoll sergeant's attack.
You slash the gnoll sergeant!
You kill the gnoll sergeant!
The boulder beetle curls into a ball and begins rolling!
Things that are here:
23 gold pieces; a +0 trident; a +0 scale mail You block the boulder beetle's attack.
The boulder beetle stops rolling and uncurls.
There is an open translucent gate, spattered with blood here.
You see here 17 gold pieces.
The boulder beetle bites you!
* * * LOW HITPOINT WARNING * * *
You slice the boulder beetle!!
The boulder beetle is moderately wounded.
The boulder beetle closely misses you.
You hit the boulder beetle.
The boulder beetle is moderately wounded.
The boulder beetle waves its antennae.
The boulder beetle barely misses you.
You hit the boulder beetle but do no damage.
You headbutt the boulder beetle.
The boulder beetle is heavily wounded.
The boulder beetle closely misses you.
You hit the boulder beetle.
The boulder beetle is heavily wounded.
The boulder beetle barely misses you.
You hit the boulder beetle.
The boulder beetle is heavily wounded.
The boulder beetle bites you but does no damage.
You hit the boulder beetle but do no damage.
The boulder beetle is heavily wounded.
The boulder beetle bites you!
* * * LOW HITPOINT WARNING * * *
You slash the boulder beetle!
You headbutt the boulder beetle, but do no damage.
The boulder beetle is severely wounded.
The boulder beetle bites you!
You die...
Your body crumbles into a pile of gold.

#######
##∩8∩8∩##
#.$$$$.∩#
#8..8.$8#
#.$$_$$.#
##$.$..##
###'$'###
#..#..B@...##
#..........##
..
##..##.###..#
. ##....#
##.## .#
##..## ##.##
. ##. ##.##
.# ##
##.###.#
##....###.
##>.....#


You could see a boulder beetle.

Vanquished Creatures
  The ghost of Citaku the Covered, a novice MiFi (D:8)
  The ghost of Vildbasse the Reanimator, a novice DENe (D:6)
  2 wyverns
  A wraith (D:10)
  Menkaure (D:4)
  2 water moccasins
  A black bear (D:6)
  A centaur (D:6)
  4 ogres
  A phantom (D:5)
  A necrophage (D:3)
  A gnoll sergeant (D:8)
  2 scorpions
  A bullfrog (D:9)
  2 killer bees (D:9)
  A howler monkey (D:6)
  4 jellies
  An orc priest (D:4)
  2 hounds
  2 iguanas
  An orc wizard (D:6)
  3 gnolls (D:3)
  10 adders
  2 ufetubi (D:6)
  A worm (D:2)
  2 dart slugs (D:1)
  6 orcs
  9 endoplasms
  8 giant cockroaches
  8 goblins
  9 hobgoblins
  6 jackals (D:4)
  4 quokkas
  6 ball pythons
  4 bats
  4 frilled lizards
  6 kobolds
  A rat (D:3)
122 creatures vanquished.

Vanquished Creatures (others)
  4 withered plants (D:6)
4 creatures vanquished.

Grand Total: 126 creatures vanquished

Notes
Turn   | Place    | Note
-------+----------+-------------------------------------------
     0 | D:1      | Citaku the Minotaur Fighter began the quest for the Orb.
     0 | D:1      | Reached XP level 1. HP: 19/19 MP: 0/0
    55 | D:1      | Reached XP level 2. HP: 27/27 MP: 1/1
   312 | D:1      | Reached XP level 3. HP: 28/33 MP: 2/2
   457 | D:1      | Found a faded altar of an unknown god.
  1037 | D:2      | Reached XP level 4. HP: 40/40 MP: 3/3
  1775 | D:3      | Reached skill level 5 in Armour
  1784 | D:3      | Noticed a necrophage
  1793 | D:3      | Killed a necrophage
  1794 | D:3      | Reached XP level 5. HP: 44/47 MP: 4/4
  2113 | D:4      | Reached XP level 6. HP: 34/53 MP: 5/5
  2262 | D:4      | Reached skill level 5 in Axes
  2534 | D:4      | Found a staircase to the Ecumenical Temple.
  2541 | Temple   | Entered the Ecumenical Temple
  2990 | D:4      | Noticed Menkaure
  2996 | D:4      | Killed Menkaure
  2997 | D:4      | Reached skill level 5 in Fighting
  2997 | D:4      | Reached skill level 5 in Shields
  2997 | D:4      | Reached XP level 7. HP: 51/61 MP: 6/6
  3052 | D:4      | Found an opulent altar of Gozag.
  3222 | D:4      | Became a worshipper of Gozag Ym Sagoz the Greedy
  3434 | D:5      | Entered Level 5 of the Dungeon
  4128 | D:5      | Reached XP level 8. HP: 61/70 MP: 7/7
  4297 | D:5      | Found an ornate altar of the Wu Jian Council.
  4303 | D:5      | Found a basalt altar of Yredelemnul.
  4816 | D:6      | Noticed Vildbasse's ghost (novice DENe)
  4826 | D:6      | Found a runed translucent door.
  5021 | D:6      | Found an ancient bone altar of Kikubaaqudgha.
  5471 | D:6      | Killed Vildbasse's ghost
  5624 | D:7      | You fall into a shaft and drop 3 floors!
  5624 | D:10     | Entered Level 10 of the Dungeon
  5646 | D:10     | Reached XP level 9. HP: 56/78 MP: 8/8
  5702 | D:10     | Noticed Erolcha
  5996 | D:8      | Found a runed translucent gate.
  5997 | D:8      | Found a runed translucent gate.
  5998 | D:8      | Found a runed translucent gate.
  5998 | D:8      | Found an opulent altar of Gozag.
  6000 | D:8      | Noticed a boulder beetle
  6000 | D:8      | Noticed Citaku's ghost (novice MiFi)
  6012 | D:8      | Killed Citaku's ghost
  6025 | D:8      | Mangled by a boulder beetle

Illustrated notes

Levels and vault maps discovered:
D:1:      dpeg_arrival_central, layout_loops_ring, basic_ecumenical_altar
D:2:      layout_rooms, grunt_decor_mini_mirrors
D:3:      layout_basic
D:4:      layout_loops_ring, mainiacjoe_overflow_alcove_4,
          minmay_temple_entry_hall, uniq_menkaure
D:5:      layout_loops_corners, minitemple
D:6:      layout_loops_ring, kiku_gazebo_garden_becter,
          hellmonk_ghost_happy_afterlife
D:7:      layout_rooms, mainiacjoe_overflow_boulevard, makhleb_heckhound_becter,
          nicolae_ossuary_entry_giza, uniq_duvessa
D:8:      layout_layer_cave, erik_lair_island, ebering_ghost_gozag
D:9:      layout_loops_ring
D:10:     layout_gridville, minmay_lindwurm_lava, uniq_fannar, uniq_erolcha
Temple:   minmay_temple_bridge_d

Skill      XL: |  1  2  3  4  5  6  7  8  9 |
---------------+----------------------------+-----
Armour         | 4 5 6 7 9 |  9.9
Axes           | 3 4 5 6 8 9 |  9.4
Fighting       | 4 5 6 7 |  7.2
Shields        | 4 5 7 |  7.5

Action                   |  1- 3 |  4- 6 |  7- 9 || total
-------------------------+-------+-------+-------++-------
Melee: War axe           |    86 |    83 |   147 ||   316
       Headbutt          |     8 |    15 |    18 ||    41
  Use: Potion            |       |       |     1 ||     1
Armor: Scale mail        |    37 |    32 |    53 ||   122
Dodge: Dodged            |    35 |    39 |    64 ||   138
Block: Buckler           |    15 |    13 |    38 ||    66

Table legend: (Time is in decaauts)
 A = Elapsed time spent in this place.
 B = Non-inter-level travel time spent in this place.
 C = Inter-level travel time spent in this place.
 D = Time resting spent in this place.
 E = Time spent auto-exploring this place.
 F = Levels seen in this place.
 G = Mean time per level.
                   A        B        C        D        E       F      G
               +--------+--------+--------+--------+--------+-----+--------+
         Total |   6115 |   5922 |    193 |      0 |   4930 |  11 |  555.9 |
       Dungeon |   5794 |   5645 |    149 |      0 |   4717 |  10 |  579.4 |
        Temple |    320 |    276 |     44 |      0 |    213 |   1 |  320.0 |
               +--------+--------+--------+--------+--------+-----+--------+

Top non-repeatable levels by time:
     D:5: 1219 daAuts
     D:4: 1032 daAuts
     D:6: 986 daAuts
     D:1: 841 daAuts
     D:3: 798 daAuts
     D:2: 497 daAuts
  Temple: 320 daAuts
     D:9: 257 daAuts
    D:10: 127 daAuts
     D:8: 32 daAuts
     D:7: 0 daAuts
